[Event "Early-Titled-Tuesday-Blitz-February-27-2024"]
[Site "Chess.com"]
[Date "2024.02.27"]
[Round "3"]
[White "ukchessbomber"]
[Black "Yerlan-Ra"]
[Result "1-0"]
[WhiteElo "2666"]
[BlackElo "2473"]
[TimeControl "180+1"]
[EndTime "8:28:08 PST"]
[Termination "ukchessbomber won on time"]

1. b4 Nf6 2. Bb2 g6 3. Nf3 Bg7 4. e3 O-O 5. c4 d6 6. Be2 a5 7.
a3 axb4 8. axb4 Rxa1 9. Bxa1 c5 10. b5 e5 11. O-O e4 12. Ne1 Bf5 13. d4 exd3 14. Nxd3 d5 15. Nxc5 Qc7 16. Bd4 dxc4 17. Na3 c3 18. b6 Qxb6 19. Nd7 Qd6 20. Nxf6+ Bxf6 21. Nb5 Qe7 22. Nxc3 Rd8 23. Nd5 Rxd5 24. Bxf6 Rxd1 25. Bxe7 Rd2 26. Bf3 Nc6 27. Bf6 h5 28. Ra1 Kh7 29. Ra8 g5 30. Bxh5 Kh6 31. Rh8+ Bh7 32. g4 Rd6 33. Bc3 f5 34. Bf7 fxg4 35.
Bg8 Rd7 36. Be6 Rd6 37. Bf5 1-0

[Event "Early-Titled-Tuesday-Blitz-February-27-2024"]
[Site "Chess.com"]
[Date "2024.02.27"]
[Round "3"]
[White "SaiAgni_98"]
[Black "Fjal"]
[Result "1-0"]
[WhiteElo "2556"]
[BlackElo "2243"]
[TimeControl "180+1"]
[EndTime "8:28:09 PST"]
[Termination "SaiAgni_98 won by checkmate"]

1. e4 d6 2. Nf3 Nf6 3. Nc3 g6 4. Bc4 Bg7 5. O-O O-O 6. h3 Nxe4 7. Nxe4 d5 8. Bb3 dxe4 9. Ng5 b6 10. Nxe4 Bb7 11.
Qe2 c5 12. Re1 Nc6 13. c3 h6 14. d3 Ne5 15. Bc2 Qc7 16. Bf4 Qc6 17. f3 Rad8 18.
Rad1 Nd7 19. Bb3 Kh7 20. h4 e5 21. Bc1 f5 22. Ng3 Rde8 23. h5 g5 24. Bc2 Kh8 25. Qf2 b5 26. a4 b4 27. Kh1 a5 28.
Bb3 Bc8 29. Re2 Nf6 30. Qe1 f4 31. Ne4 Nxh5 32. Bc4 Be6 33. Bb5 Qc8 34. Bxe8 Rxe8 35. Kg1 Bb3 36. Rdd2 Bxa4 37. Qf2 Bc6 38. Qxc5 Bxe4 39.
Qxc8 Rxc8 40. dxe4 Ng3 41. Re1 bxc3 42. bxc3 Rxc3 43. Bb2 Rb3 44. Rc1 a4 45. Rc8+ Kh7 46. Rc7 Rb5 47. Ra7 Kg6 48. Rxa4 Bf8 49. Ra6+ Kh5 50.
Kh2 Bc5 51. Kh3 Rb3 52. Rc2 Be3 53. Rcc6 g4+ 54. fxg4+ Kg5 55. Rg6# 1-0

[Event "Early-Titled-Tuesday-Blitz-February-27-2024"]
[Site "Chess.com"]
[Date "2024.02.27"]
[Round "3"]
[White "VitaliyChayka"]
[Black "kai_nov"]
[Result "1-0"]
[WhiteElo "2504"]
[BlackElo "2338"]
[TimeControl "180+1"]
[EndTime "8:28:10 PST"]
[Termination "VitaliyChayka won by resignation"]

1. d4 Nf6 2. Bf4 g6 3. e3 Bg7 4. h3 e6 5. Nf3 O-O 6. Be2 d6 7. O-O Nbd7 8. a4 Re8 9. a5 e5 10. dxe5 dxe5 11. Nxe5 Nxe5 12. Qxd8 Rxd8 13. Bxe5 Nd5 14.
Bxg7 Kxg7 15. Rd1 Be6 16. Bf3 Nb4 17. Na3 Bd5 18. Bxd5 Rxd5 19. Rxd5 Nxd5 20. Rd1 c6 21. e4 Nf6 22. f3 Kf8 23. Nc4 Ke7 24. Kf2 Rd8 25.
Rxd8 Kxd8 26. Nd6 Kc7 27. Nxf7 Nd7 28. b4 b5 29. Ke3 Nb8 30. Ng5 Na6 31. c3 h6 32. Nf7 c5 33. bxc5 Nxc5 34. Nxh6 Nb7 35. a6 Nc5 36. g4 Nxa6 37. h4 Nc5 38. h5 gxh5 39. gxh5 a5 40. Nf5 a4 41. h6 a3 42. h7 a2 43. h8=Q a1=Q 44. Qe5+ Kb6 45. Qd6+ Kb7 46. Qd5+ Kb6 47. Ng3 Qe1+ 48. Kf4 Qc1+ 49.
Kg4 Qh6 50. Nf5 Qg6+ 51. Kf4 Qh5 52. Qd6+ Ka5 53. Qxc5 1-0

[Event "Early-Titled-Tuesday-Blitz-February-27-2024"]
[Site "Chess.com"]
[Date "2024.02.27"]
[Round "3"]
[White "Jumbo"]
[Black "AndreyOstrovskiy"]
[Result "1-0"]
[WhiteElo "2868"]
[BlackElo "2665"]
[TimeControl "180+1"]
[EndTime "8:28:11 PST"]
[Termination "Jumbo won on time"]

1. d4 Nf6 2. Nf3 e6 3. c4 b6 4.
g3 c6 5. Bg2 Be7 6. O-O O-O 7. Qc2 d5 8. Rd1 Nbd7 9. Bf4 Ba6 10. b3 Rc8 11. Nc3 dxc4 12. bxc4 Bxc4 13. Nd2 Ba6 14.
Qa4 Bb7 15. Qxa7 Ba8 16. e4 c5 17. d5 e5 18. Be3 Ng4 19. Nc4 Nxe3 20. fxe3 Rb8 21.
Nb5 Bb7 22. Bh3 Nf6 23. d6 Nxe4 24. dxe7 Qxe7 25. Nbd6 Nxd6 26. Nxd6 Qg5 27. Nxb7 Qxe3+ 28. Kh1 Ra8 29. Qxb6 Rxa2 30. Qc6 Rb2 31. Bg2 f5 32. Qxc5 Qe2 33. Qd5+ Kh8 34. Re1 Qc2 35. Rac1 Qf2 36. Rf1 Qe2 37. Rce1 Qc2 38. Nd6 1-0

[Event "Early-Titled-Tuesday-Blitz-February-27-2024"]
[Site "Chess.com"]
[Date "2024.02.27"]
[Round "3"]
[White "FREDERICKtheMATE"]
[Black "orkinyo12345"]
[Result "1/2-1/2"]
[WhiteElo "2662"]
[BlackElo "2487"]
[TimeControl "180+1"]
[EndTime "8:28:11 PST"]
[Termination "Game drawn by repetition"]

1. Nf3 Nf6 2. e3 g6 3. c4 Bg7 4. Nc3 O-O 5. Be2 d6 6. d4 Nc6 7.
O-O e5 8. b3 exd4 9. exd4 Re8 10. Bb2 d5 11. Re1 Bg4 12. c5 Bxf3 13. gxf3 Nh5 14. Nb5 a6 15. Na3 Qh4 16. Nc2 Nf4 17. Bf1 Ne6 18. Qd3 Nexd4 19. Rxe8+ Rxe8 20. Nxd4 Bxd4 21. Bxd4 Qxd4 22. Qxd4 Nxd4 23. Rd1 Nxf3+ 24. Kg2 Nh4+ 25. Kh3 Nf5 26. Rxd5 c6 27. Rd1 Kg7 28. Kg4 Kf6 29. Bc4 Re4+ 30. Kf3 Rd4 31. Re1 Rd2 32. Re8 Rxa2 33. Rb8 Nd4+ 34. Ke3 Ne6 35.
Rxb7 Nxc5 36. Rxf7+ Ke5 37. f4+ Kd6 38. Rxh7 Ra3 39. Rh6 Nxb3 40. Rxg6+ Kc5 41. Bxb3 Rxb3+ 42. Ke4 a5 43. f5 a4 44. f6 Kd6 45. f7+ Ke7 46.
Rxc6 Kxf7 47. Ra6 a3 48. h4 Rh3 49. Kf5 Rxh4 50. Ra7+ Kg8 51. Rxa3 Rh1 52. Kg6 Rg1+ 53. Kf6 Rf1+ 54. Kg5 Rg1+ 55. Kf4 Rf1+ 56. Kg3 Rg1+ 57.
Kf2 Rg7 58. Ra8+ Kh7 59. Ra3 Rf7+ 60. Kg2 Rg7+ 61. Kh2 Rg6 62. Rh3+ Kg7 63. Ra3 Kh6 64. Ra7 Kg5 65. Ra5+ Kh6 66. Ra4 Kg7 67. Ra3 Rh6+ 68. Kg2 Rg6+ 69. Kf2 Rf6+ 70. Ke2 Rg6 71. Kf3 Rf6+ 72.
Kg4 Rg6+ 73. Kf5 Rf6+ 74. Kg5 Rg6+ 75. Kf5 Rf6+ 76. Ke5 Rf7 77. Ra6 Re7+ 78. Kf5 Rf7+ 79. Kg5 Rb7 80. Ra5 Rc7 81. Re5 Rb7 82. Rc5 Rf7 83.
Rb5 Rf8 84. Rb7+ Rf7 85. Rb6 Rf8 86. Rg6+ Kh7 87. Ra6 Kg7 88. Rg6+ Kh7 89. Rh6+ Kg7 90. Ra6 Rf7 91. Rb6 Rf8 92. Rb5 Rf7 93. Rb6 1/2-1/2

[Event "Early-Titled-Tuesday-Blitz-February-27-2024"]
[Site "Chess.com"]
[Date "2024.02.27"]
[Round "3"]
[White "AniJak"]
[Black "Alina_Gumerovna"]
[Result "1-0"]
[WhiteElo "2373"]
[BlackElo "2090"]
[TimeControl "180+1"]
[EndTime "8:28:11 PST"]
[Termination "AniJak won by resignation"]

1. e4 e5 2. Nf3 Nf6 3. Nxe5 Nxe4 4. Qe2 Qe7 5. Qxe4 d6 6. d4 dxe5 7. Qxe5 Qxe5+ 8. dxe5 Bf5 9. Bd3 Bxd3 10. cxd3 Nc6 11.
f4 Nb4 12. Na3 Nxd3+ 13. Ke2 O-O-O 14. Nc4 Bc5 15. Rd1 Nb4 16. Be3 Bxe3 17. Nxe3 Nc6 18.
Rac1 Nd4+ 19. Kf2 Rd7 20. Rc4 Rhd8 21. Rdc1 c6 22. b4 f6 23. exf6 gxf6 24. a4 a6 25.
Ng4 Nb3 26. R1c2 Nd2 27. Nxf6 Rd6 28. Ne4 Nxc4 29. Rxc4 Rd2+ 30. Nxd2 Rxd2+ 31. Kf3 Ra2 32. b5 axb5 33. axb5 Kc7 34. f5 Ra3+ 35. Kf4 Rb3 36. bxc6 bxc6 37. g4 Rb2 38. h3 Kd6 39. g5 Kd5 40.
Rc1 c5 41. f6 c4 42. Kg3 Ke6 43. Rxc4 Rb4 44. Rxb4 1-0

[Event "Early-Titled-Tuesday-Blitz-February-27-2024"]
[Site "Chess.com"]
[Date "2024.02.27"]
[Round "3"]
[White "DonJuanEGenaro"]
[Black "dpopadic"]
[Result "1-0"]
[WhiteElo "2022"]
[BlackElo "2345"]
[TimeControl "180+1"]
[EndTime "8:28:11 PST"]
[Termination "DonJuanEGenaro won on time"]

1. Nf3 Nf6 2. g3 g6 3. Bg2 Bg7 4. O-O O-O 5. Re1 d6 6. e4 e5 7. d4 Nbd7 8. dxe5 Nxe5 9. Nxe5 dxe5 10. Nc3 c6 11. Be3 Qc7 12. Qe2 Be6 13. Red1 Rfd8 14. h3 h6 15. f4 exf4 16. gxf4 b6 17. Rxd8+ Rxd8 18. Rf1 Bc8 19. e5 Nh5 20. Ne4 Bf5 21. Kh2 Bxe4 22. Bxe4 c5 23. Bf3 Kh8 24. Bxh5 gxh5 25.
Qxh5 Qd7 26. Rg1 Qd5 27. Rg3 Rg8 28. f5 Kh7 29. f6 Bf8 30. Rxg8 Kxg8 31. Bxh6 Bxh6 32.
Qxh6 Qxe5+ 33. Kg2 Qe2+ 34. Kg3 Qe1+ 35. Kf3 Qd1+ 36.
Ke4 Qxc2+ 37. Kd5 Qf5+ 38. Kc6 1-0

[Event "Early-Titled-Tuesday-Blitz-February-27-2024"]
[Site "Chess.com"]
[Date "2024.02.27"]
[Round "3"]
[White "ketster"]
[Black "sorch29"]
[Result "1-0"]
[WhiteElo "2610"]
[BlackElo "2421"]
[TimeControl "180+1"]
[EndTime "8:28:12 PST"]
[Termination "ketster won by checkmate"]

1. Nf3 d5 2. d4 Nf6 3. c4 dxc4 4. e3 e6 5. Bxc4 c5 6. O-O a6 7. e4 cxd4 8. e5 Nfd7 9. Qxd4 Nc6 10. Qf4 Be7 11. Nc3 O-O 12. Qg3 Kh8 13. Rd1 Qc7 14. Bf4 Rg8 15. Rac1 Qd8 16. Ne4 h6 17. Qh3 Qf8 18.
Qh5 Nb6 19. Bb3 Nd5 20. Bxd5 exd5 21. Rxd5 Be6 22. Rdd1 Rd8 23. Nd6 Bxd6 24. exd6 f6 25. Nh4 Bf7 26. Qf5 Qe8 27. Re1 Qd7 28. Ng6+ Bxg6 29.
Qxg6 Rde8 30. h3 Ne5 31. Qh5 Qxd6 32. Bxh6 g6 33. Qh4 g5 34. Bxg5+ Kg7 35. Qh6+ Kf7 36.
Rc7+ Qxc7 37. Qxf6# 1-0

[Event "Early-Titled-Tuesday-Blitz-February-27-2024"]
[Site "Chess.com"]
[Date "2024.02.27"]
[Round "3"]
[White "abeljusto"]
[Black "InitiatingASC"]
[Result "1-0"]
[WhiteElo "2108"]
[BlackElo "2366"]
[TimeControl "180+1"]
[EndTime "8:28:12 PST"]
[Termination "abeljusto won on time"]

1. e4 c5 2. Nf3 Nc6 3. d4 cxd4 4. Nxd4 Nf6 5. Nc3 e5 6. Ndb5 h6 7. Nd6+ Bxd6 8. Qxd6 Qe7 9. Qd1 O-O 10. Bc4 Rd8 11. O-O Na5 12. Nd5 Nxd5 13. Bxd5 d6 14. f4 Be6 15. f5 Bxd5 16. Qxd5 Qc7 17. f6 Qc5+ 18. Rf2 Qxd5 19. exd5 Nc4 20. fxg7 Kxg7 21. b3 Nb6 22.
c4 Rf8 23. Rf5 Kg6 24. g4 Rad8 25. Be3 Nc8 26. Raf1 f6 27. h4 Ne7 28. R5f2 b6 29. Kh2 Rf7 30. h5+ Kg7 31. Kh3 Rdf8 32. a3 f5 33.
gxf5 Rxf5 34. Rxf5 Rxf5 35. Rxf5 Nxf5 36. Bf2 Kf7 37. Kg4 Ne7 38. b4 Ng8 39. Be3 Nf6+ 40.
Kh4 Kg7 41. a4 Ne4 42. a5 1-0

[Event "Early-Titled-Tuesday-Blitz-February-27-2024"]
[Site "Chess.com"]
[Date "2024.02.27"]
[Round "3"]
[White "toog"]
[Black "RobertoJBM"]
[Result "0-1"]
[WhiteElo "2642"]
[BlackElo "2856"]
[TimeControl "180+1"]
[EndTime "8:28:13 PST"]
[Termination "RobertoJBM won by resignation"]

1. d4 d5 2. Nf3 Nf6 3. c4 c6 4.
Nc3 dxc4 5. Ne5 b5 6. g3 e6 7. Bg2 Nd5 8. O-O Bb7 9. a4 a6 10. Ne4 Nd7 11. Bg5 f6 12. Nxd7 Qxd7 13. Bd2 Be7 14.
Nc5 Bxc5 15. dxc5 O-O 16. Qc2 f5 17. e4 fxe4 18. Bxe4 g6 19. Rad1 Qe7 20. b4 Rae8 21.
Rfe1 Qf6 22. Bh6 Rf7 23. axb5 axb5 24. Ra1 Nxb4 25. Qd2 c3 26. Qd6 Rd8 27. Qf4 Qxf4 28. Bxf4 Nd5 29. Be5 b4 30. Rab1 Ba6 31. Bxd5 exd5 32.
Rxb4 c2 33. Bb2 Bb5 34. Rd4 h5 35. Rc1 Re8 36. Kg2 Re2 37. Rf4 Rxf4 38. gxf4 Kf7 39.
Kf3 Bd3 40. Bd4 Re4 41. Be3 Rb4 42. h4 d4 43. Bd2 Rc4 44. f5 Bxf5 45. Kf4 Rxc5 46.
Bb4 Rb5 47. Bd2 c5 48. Ke5 Ke7 49. Kd5 Kd7 50. Kc4 Kc6 0-1

[Event "Early-Titled-Tuesday-Blitz-February-27-2024"]
[Site "Chess.com"]
[Date "2024.02.27"]
[Round "3"]
[White "Szparu"]
[Black "vi_pranav"]
[Result "0-1"]
[WhiteElo "2763"]
[BlackElo "3109"]
[TimeControl "180+1"]
[EndTime "8:28:15 PST"]
[Termination "vi_pranav won on time"]

1. e4 e5 2. f4 Bc5 3. Nf3 d6 4. c3 Bb6 5. d4 exd4 6. cxd4 Bg4 7. Be3 Nc6 8. Bb5 Ne7 9. Nbd2 O-O 10. h3 Bd7 11.
Bd3 d5 12. e5 Bf5 13. Qb1 Qd7 14.
g4 Bxd3 15. Qxd3 Nb4 16. Qb1 c5 17. dxc5 d4 18. Nxd4 Bxc5 19. N2b3 Bxd4 20. Nxd4 Ned5 21. Nf5 Nxe3 22. Nxe3 Qd4 23. Ke2 Qxf4 24. Qf5 Qd4 25. Rad1 Qxb2+ 26. Rd2 Qa3 27. Rhd1 Rae8 28. Kf2 Nc6 29. Rd5 Qxa2+ 30. R5d2 Qa3 31. Qg5 Nxe5 32. Nf5 Qf3+ 33. Kg1 Ng6 34. Rf1 Qe4 35. h4 f6 36.
Qh5 Ne5 37. Rg2 Nf3+ 38. Kh1 Ne1 39. Rg1 Nxg2 40. Rxg2 Qf3 41. g5 Qxh5 0-1

[Event "Early-Titled-Tuesday-Blitz-February-27-2024"]
[Site "Chess.com"]
[Date "2024.02.27"]
[Round "3"]
[White "scarabee43"]
[Black "bazar-wokzal"]
[Result "1-0"]
[WhiteElo "2883"]
[BlackElo "2675"]
[TimeControl "180+1"]
[EndTime "8:28:15 PST"]
[Termination "scarabee43 won on time"]

1. Nf3 c5 2. e3 g6 3. d4 Bg7 4.
dxc5 Nf6 5. Be2 O-O 6. O-O Qc7 7. a3 Qxc5 8. b4 Qc7 9. Bb2 d5 10. Nc3 Rd8 11. Nb5 Qd7 12. Ne5 Qf5 13. f4 Nc6 14. Bd3 Qh5 15. Nxc6 bxc6 16. Qxh5 Nxh5 17. Bxg7 Nxg7 18.
Nd4 Bd7 19. e4 a5 20. e5 Ne6 21. Nxe6 Bxe6 22. Rfb1 axb4 23. axb4 Rxa1 24. Rxa1 f6 25. exf6 exf6 26. Ra6 Bd7 27. b5 c5 28. Rd6 c4 29.
Bf1 Kf7 30. Rxd5 Ke6 31. Bxc4 Ke7 32. b6 Rb8 33. Bb5 Be6 34. Rc5 Rxb6 35. Bd3 Kd6 36. Ra5 Rc6 37. Kf2 Bd5 38. g3 f5 39. Ke3 h6 40. Kd4 Be6 41. Ra7 Rb6 42. Ra6 Rxa6 43. Bxa6 g5 44. Bc4 Bd7 45. Bd5 gxf4 46. gxf4 Bc8 47. c4 1-0

[Event "Early-Titled-Tuesday-Blitz-February-27-2024"]
[Site "Chess.com"]
[Date "2024.02.27"]
[Round "3"]
[White "Oleksandr_Bortnyk"]
[Black "Nikolakis2014"]
[Result "1-0"]
[WhiteElo "3058"]
[BlackElo "2753"]
[TimeControl "180+1"]
[EndTime "8:28:16 PST"]
[Termination "Oleksandr_Bortnyk won by resignation"]

1. e4 c5 2. c3 Nf6 3. e5 Nd5 4.
Nf3 d6 5. d4 cxd4 6. cxd4 Nc6 7. Bc4 dxe5 8. dxe5 Be6 9. O-O g6 10. Ng5 Bg7 11. Nxe6 fxe6 12. f4 Qb6+ 13. Kh1 Rd8 14. Qg4 Na5 15. Be2 O-O 16. Nc3 Nxc3 17. bxc3 Rf5 18.
Qh3 Qc6 19. Bg4 Qc4 20. Be3 Rd3 21. Be2 Qxc3 22. Bxd3 Qxd3 23. Bxa7 Qa6 24. Bd4 Nc6 25. Qc3 g5 26. g3 Nxd4 27. Qxd4 Bxe5 28. Qd8+ Kf7 29.
Rae1 gxf4 30. Qd2 Qc6+ 31. Qg2 f3 32. Qf2 Bc3 33. Rc1 b5 34. a3 Qc4 35. h4 e5 36.
Kh2 e4 37. Qe3 Rc5 38. Rf2 Bd4 39. Qf4+ Ke6 40. Rxc4 Bxf2 41. Qxe4+ Kd6 42. Rxc5 Bxc5 43. Qxf3 e5 44. Qd3+ 1-0

[Event "Early-Titled-Tuesday-Blitz-February-27-2024"]
[Site "Chess.com"]
[Date "2024.02.27"]
[Round "3"]
[White "RamyresCoelho"]
[Black "Pedrada88"]
[Result "0-1"]
[WhiteElo "2270"]
[BlackElo "2560"]
[TimeControl "180+1"]
[EndTime "8:28:16 PST"]
[Termination "Pedrada88 won by checkmate"]

1. e4 b6 2. d4 Bb7 3. Nc3 e6 4.
f4 Bb4 5. Bd3 Nf6 6. Qe2 Nc6 7.
a3 Nxd4 8. Qf1 Nxe4 9. axb4 Qh4+ 10. g3 Nxg3 11. hxg3 Qxh1 12. Be3 Bg2 13. Qf2 Nf3+ 14. Ke2 Nh2 15. Nb5 Ng4 16. Qe1 O-O 17. Bd4 Qh2 18.
Kd1 h5 19. Nc3 d5 20. Nce2 Rac8 21. Rxa7 c5 22. bxc5 bxc5 23. Be5 c4 24. Bh7+ Kxh7 25. Qc3 d4 26. Qxd4 Rfd8 27. Rd7 Nxe5 28. fxe5 Bd5 29.
Rxd5 Rxd5 30. Qxd5 exd5 31. Ke1 Rb8 32. Nf3 Qh1+ 33. Kf2 Rxb2 34. Nf4 Rxc2+ 35. Ke3 Qc1+ 36. Kd4 Qb2+ 37. Kxd5 Rf2 38. Nd4 Rd2 39. Ne2 c3 40. Nf4 Rxd4+ 41. Kxd4 c2+ 42. Ke4 c1=Q 43. e6 Qb3 44. e7 Qe1+ 45. Kf5 g6+ 46. Kg5 Qxe7# 0-1

[Event "Early-Titled-Tuesday-Blitz-February-27-2024"]
[Site "Chess.com"]
[Date "2024.02.27"]
[Round "3"]
[White "BozeKat"]
[Black "Honiex"]
[Result "0-1"]
[WhiteElo "2147"]
[BlackElo "2542"]
[TimeControl "180+1"]
[EndTime "8:28:16 PST"]
[Termination "Honiex won by checkmate"]

1. d4 Nc6 2. d5 Ne5 3. Bf4 Ng6 4. Bg3 Nf6 5. Nc3 e6 6. e4 Bb4 7. Qd4 Bxc3+ 8. bxc3 O-O 9. c4 exd5 10. cxd5 Nxe4 11. Bd3 Nf6 12. Ne2 d6 13. h4 Nh5 14. Bh2 Qxh4 15.
Bxg6 Qxd4 16. Bxh7+ Kxh7 17. Nxd4 Kg8 18. Bxd6 Re8+ 19. Kd2 Nf6 20. Bxc7 Nxd5 21. Bg3 Be6 22. Rh4 Red8 23. Rah1 Kf8 24. Rh8+ Ke7 25. Bh4+ f6 26. Rh7 Kf7 27. Rxg7+ Kxg7 28. Nxe6+ Kg6 29. Nxd8 Rxd8 30. Kc1 Nc3 31. f3 Rh8 32. g3 Re8 33. Kb2 Nd5 34.
Rd1 Ne3 35. Rd6 Nc4+ 36. Kc3 Nxd6 37. Kd4 Nf5+ 38. Kd5 Nxh4 39. gxh4 Rh8 40. Ke6 Rxh4 41. f4 Rxf4 42. c4 Rxc4 43. a4 Rxa4 44. Ke7 b6 45. Kf8 Rb4 46. Ke7 a5 47. Kd7 a4 48. Kc6 a3 49. Kd5 Rb2 50. Ke4 a2 51. Kd5 a1=Q 52.
Kd6 Qd1+ 53. Ke7 Re2+ 54. Kf8 Qd8# 0-1

[Event "Early-Titled-Tuesday-Blitz-February-27-2024"]
[Site "Chess.com"]
[Date "2024.02.27"]
[Round "3"]
[White "Mihajlovskij"]
[Black "RedFirePanda"]
[Result "0-1"]
[WhiteElo "2220"]
[BlackElo "2549"]
[TimeControl "180+1"]
[EndTime "8:28:17 PST"]
[Termination "RedFirePanda won on time"]

1. e4 d5 2. exd5 Qxd5 3. Nc3 Qd8 4. d4 c6 5. Nf3 Bf5 6. Bc4 e6 7. O-O Nf6 8. Qe2 Be7 9. Rd1 O-O 10. Bd3 Bg4 11. Ne4 Nbd7 12. Ng3 Nd5 13. c3 a5 14.
h3 Bxf3 15. Qxf3 N5f6 16. Bg5 Qb6 17. Ne4 Rab8 18. Rab1 Rfe8 19. h4 a4 20. h5 Qa5 21.
h6 Nxe4 22. Qxe4 g6 23. Bf4 Ra8 24. Qe3 Qh5 25. Be2 Qf5 26. Bd3 Qd5 27. a3 Nf6 28. f3 Nh5 29. Be4 Qa5 30. Be5 Rad8 31. b4 axb3 32. Rxb3 Bd6 33. g4 Bxe5 34. dxe5 Rxd1+ 35. Kg2 Qxe5 0-1

[Event "Early-Titled-Tuesday-Blitz-February-27-2024"]
[Site "Chess.com"]
[Date "2024.02.27"]
[Round "3"]
[White "xamax2000"]
[Black "Zq1"]
[Result "0-1"]
[WhiteElo "2831"]
[BlackElo "2633"]
[TimeControl "180+1"]
[EndTime "8:28:18 PST"]
[Termination "Zq1 won by resignation"]

1. Nf3 Nf6 2. c4 c5 3. g3 b6 4. Bg2 Bb7 5. O-O g6 6. Nc3 Bg7 7.
e3 O-O 8. d4 cxd4 9. exd4 d5 10.
Ne5 e6 11. Bg5 h6 12. Be3 Nc6 13. Qd2 Kh7 14. Rfd1 Rc8 15. cxd5 Nxd5 16. Nxd5 exd5 17. Nf3 Ne7 18. h4 Nf5 19. h5 Nxe3 20. hxg6+ fxg6 21. Qxe3 Qd6 22. Ne5 Rce8 23. Re1 Re7 24. Rac1 Rfe8 25. f4 Rc7 26. Rxc7 Qxc7 27. Rc1 Qd6 28. Bh3 Re7 29.
Qd3 Bxe5 30. fxe5 Qb4 31. Qc3 Qb5 32. Rf1 Qe2 33. Rf2 Qd1+ 34. Rf1 Qe2 35. Rf6 Ba6 36. Qa3 Rc7 37. Bf1 Qe1 38. Qxa6 Qxg3+ 39. Bg2 Qe3+ 40. Kh1 Qxd4 41. Qe2 Re7 42. Rf1 Rxe5 43. Qxe5 Qxe5 0-1

[Event "Early-Titled-Tuesday-Blitz-February-27-2024"]
[Site "Chess.com"]
[Date "2024.02.27"]
[Round "3"]
[White "PedroGil25"]
[Black "ilqar_74"]
[Result "1/2-1/2"]
[WhiteElo "2523"]
[BlackElo "2814"]
[TimeControl "180+1"]
[EndTime "8:28:18 PST"]
[Termination "Game drawn - insufficient material"]

1. e4 c5 2. Nf3 d6 3. c3 Nf6 4.
h3 e6 5. Bd3 Be7 6. Bc2 Nc6 7.
O-O O-O 8. d4 cxd4 9. cxd4 d5 10. e5 Ne4 11. Nc3 Nxc3 12. bxc3 Bd7 13. Qd3 g6 14. Bh6 Rc8 15. Bxf8 Qxf8 16. Rab1 Na5 17.
h4 a6 18. a4 b5 19. axb5 Bxb5 20. Rxb5 axb5 21. Qxb5 Nc4 22. h5 Na3 23. Qd3 Qd8 24. hxg6 hxg6 25. Rc1 Qb6 26. Qd2 Qb2 27. Ba4 Qxd2 28.
Nxd2 Bg5 29. Ra1 Bxd2 30. Rxa3 Bxc3 31. Bd7 Rc7 32. Ra8+ Kg7 33. Rc8 Rxc8 34. Bxc8 Bxd4 35. Kf1 Bxe5 36. Ke2 Bc7 37. g4 Kf6 38. Kf3 Ke5 39. Bb7 Kd4 40. Bc6 f5 41. Be8 g5 42. gxf5 exf5 43.
Bd7 g4+ 44. Ke2 Ke4 45. Bc8 Bb6 46. Bd7 Bc5 47. Bc8 Kf4 48. Bb7 d4 49. Bc8 d3+ 50. Kxd3 Bxf2 51. Ke2 Bc5 52. Kf1 Kg5 53. Kg2 Bd4 54.
Ba6 Kf4 55. Bc8 Ke4 56. Bb7+ Ke5 57. Ba6 f4 58. Be2 Kf5 59. Bd1 Kg5 60. Be2 Kh4 61.
Bd1 Ba7 62. Be2 Kg5 63. Bd1 Kf5 64. Be2 f3+ 65. Bxf3 gxf3+ 66. Kxf3 1/2-1/2

[Event "Early-Titled-Tuesday-Blitz-February-27-2024"]
[Site "Chess.com"]
[Date "2024.02.27"]
[Round "3"]
[White "Kostukov_Alex"]
[Black "CarlosjPineror"]
[Result "1-0"]
[WhiteElo "2380"]
[BlackElo "2561"]
[TimeControl "180+1"]
[EndTime "8:28:18 PST"]
[Termination "Kostukov_Alex won by resignation"]

1. g3 Nf6 2. Bg2 c5 3. c4 e6 4. Nf3 Be7 5. O-O O-O 6. d4 cxd4 7. Nxd4 a6 8. b3 Nc6 9. Bb2 Qc7 10. Nc3 d6 11.
Rc1 Ne5 12. h3 Bd7 13. f4 Ng6 14. Kh2 Rac8 15. Qd2 Qb8 16. a4 Rfd8 17. e3 h5 18. Kh1 Re8 19. e4 Bd8 20. Qe2 Bb6 21. Nf3 h4 22. Nxh4 Nxh4 23. gxh4 Bc6 24. Na2 Bc5 25.
e5 Nh7 26. Rcd1 a5 27. Nc3 dxe5 28. fxe5 Bxg2+ 29. Qxg2 Be7 30. Ne4 Rcd8 31. Rxd8 Rxd8 32. Nf6+ Bxf6 33. exf6 g6 34. h5 Nf8 35. Qg5 Rd3 36. Be5 Rxh3+ 37. Kg2 Rxh5 38. Qxh5 gxh5 39. Bxb8 Nd7 40.
Bd6 Kh7 41. Be7 Kg6 42. Kf3 Ne5+ 43. Ke4 Ng4 44. Rg1 Kg5 45. Bd8 h4 46. Kf3 Kf5 47.
Rxg4 1-0

[Event "Early-Titled-Tuesday-Blitz-February-27-2024"]
[Site "Chess.com"]
[Date "2024.02.27"]
[Round "3"]
[White "Brave_spirit12"]
[Black "EsmeraldasAnderson03"]
[Result "0-1"]
[WhiteElo "2696"]
[BlackElo "2498"]
[TimeControl "180+1"]
[EndTime "8:28:20 PST"]
[Termination "EsmeraldasAnderson03 won on time"]

1. e4 c5 2. c3 Nf6 3. e5 Nd5 4. d4 cxd4 5. Qxd4 e6 6. Nf3 Nc6 7. Qe4 d6 8. c4 Nb6 9. exd6 Qxd6 10. Nc3 Be7 11. Bf4 Qb4 12. O-O-O Na4 13. Nxa4 Qxa4 14. a3 Na5 15. Qc2 Bd7 16. Bd3 Rc8 17. Nd2 Qxc2+ 18. Kxc2 b5 19. c5 Bxc5 20. Kb1 Bxf2 21. Ne4 Bc5 22. b4 Be7 23. bxa5 O-O 24. Nd6 Rc3 25. Bc2 Bc6 26. Ne4 Rxc2 27. Kxc2 Bxe4+ 28. Kb2 Bf6+ 29. Kb3 Bd5+ 30. Kb4 a6 31. Bd6 Rd8 32. Bc5 Rc8 33. Rd3 Bxg2 34. Rhd1 Bd5 35. h3 g5 36. R3d2 h5 37.
Rd3 Kh7 38. Rg1 Kg6 39. Rgd1 Be5 40. Re3 Bf4 41. Red3 g4 42. hxg4 hxg4 43. Rd4 Kf5 44. Rf1 Bf3 45. Bd6 e5 46. Rd2 Bxd2+ 0-1

[Event "Early-Titled-Tuesday-Blitz-February-27-2024"]
[Site "Chess.com"]
[Date "2024.02.27"]
[Round "3"]
[White "Sina_Movahed"]
[Black "KacperKacprzak"]
[Result "1-0"]
[WhiteElo "2935"]
[BlackElo "2702"]
[TimeControl "180+1"]
[EndTime "8:28:21 PST"]
[Termination "Sina_Movahed won on time"]

1. Nf3 c5 2. e4 d6 3. d4 cxd4 4. Nxd4 Nf6 5. Nc3 a6 6. h3 e6 7. g4 h6 8. Bg2 Be7 9. h4 g6 10. Be3 Nc6 11. g5 hxg5 12. hxg5 Rxh1+ 13. Bxh1 Nh7 14. Nxc6 bxc6 15. Qd2 Bxg5 16. O-O-O Bxe3 17. Qxe3 e5 18. Kb1 Be6 19. f4 Qe7 20. Qb6 Rc8 21. f5 Bd7 22.
Qxa6 Nf6 23. fxg6 fxg6 24. Qd3 Be6 25. Bg2 Nh5 26. Bf3 Nf4 27. Qd2 Rd8 28. Ne2 Qf6 29. Rf1 Ke7 30. b3 Qg5 31. Rg1 Qf6 32. Nc1 Nh3 33. Rf1 Nf4 34. Qa5 Rd7 35. a4 g5 36.
Bd1 g4 37. Nd3 g3 38. Qd2 g2 39. Rg1 Bh3 40. Bf3 Nxd3 41. Qxd3 Qg5 42. Bxg2 Bxg2 43. Qe2 Bf3 44. Qf2 1-0

[Event "Early-Titled-Tuesday-Blitz-February-27-2024"]
[Site "Chess.com"]
[Date "2024.02.27"]
[Round "3"]
[White "Anton_Demchenko"]
[Black "chess94cu"]
[Result "1-0"]
[WhiteElo "2912"]
[BlackElo "2689"]
[TimeControl "180+1"]
[EndTime "8:28:21 PST"]
[Termination "Anton_Demchenko won on time"]

1. e4 e5 2. Nf3 Nc6 3. Bc4 Nf6 4. d3 h6 5. a4 d6 6. a5 a6 7. c3 g5 8. Qb3 Qe7 9. Nbd2 Bg7 10.
Nf1 O-O 11. Ng3 Nd8 12. Be3 c6 13. Qa3 Be6 14. Bb3 c5 15. Nd2 Nc6 16. Nc4 Rad8 17. Nb6 Nd7 18. Nd5 Bxd5 19. Bxd5 Nf6 20. Bc4 Qd7 21. h4 g4 22. Qb3 Ne7 23. h5 d5 24.
exd5 Nexd5 25. Bxc5 Rfe8 26. O-O-O Nf4 27. Kb1 Rc8 28.
Be3 Nxg2 29. Rhg1 Nf4 30. Ne4 N6d5 31. Bxf4 Nxf4 32. f3 Kf8 33. fxg4 f5 34. gxf5 Qxf5 35. Qxb7 Re7 36. Qxa6 Qxh5 37. Rdf1 Rb8 38. Rf2 Reb7 39. b4 Qh4 40. Rgf1 1-0

[Event "Early-Titled-Tuesday-Blitz-February-27-2024"]
[Site "Chess.com"]
[Date "2024.02.27"]
[Round "3"]
[White "wanyaland"]
[Black "GoValya"]
[Result "1-0"]
[WhiteElo "2506"]
[BlackElo "2271"]
[TimeControl "180+1"]
[EndTime "8:28:21 PST"]
[Termination "wanyaland won by resignation"]

1. d4 Nf6 2. c4 c5 3. d5 b5 4. cxb5 a6 5. bxa6 Bxa6 6. Nc3 g6 7. g3 d6 8. Bg2 Bg7 9. Nf3 O-O 10. O-O Nbd7 11.
Rb1 Nb6 12. b3 c4 13. Be3 Nbd7 14. Bd4 Qa5 15. b4 Qc7 16. a4 Ne5 17. a5 Bb7 18. Bb6 Qc8 19. Nd4 Nfd7 20. Nc6 Nxc6 21. dxc6 Bxc6 22. Nd5 Bxd5 23. Bxd5 Rb8 24. Be3 c3 25.
Qc2 Qa6 26. Rfc1 e6 27. Bg2 d5 28. Qa4 Ne5 29. b5 Qd6 30. Bd4 Nc4 31. Bxg7 Kxg7 32.
Rxc3 Rfc8 33. Qa1 Kg8 34. a6 Qe5 35. Rcb3 Qxa1 36. Rxa1 Nb6 37. a7 Ra8 38. Ra6 Nc4 39.
b6 Nxb6 40. Rbxb6 Rc1+ 41. Bf1 Rcc8 42. Rb7 Kg7 43. e3 Kf6 44. h4 h6 45. g4 g5 46.
h5 Rd8 47. Bd3 Rf8 48. f4 gxf4 49. exf4 Rg8 50. Be2 Rgf8 51. Kf2 Rg8 52. Ke3 Rgc8 53. Bd3 Kg7 54. Rxe6 Kg8 55. Ree7 Re8 56. Rxe8+ Rxe8+ 57. Kd4 1-0